 Dungeon Crawl Stone Soup version 0.31-a0-960-g0fca184906 (webtiles) character file.

Game seed: 9391297781899235924

3084 Maxmaps the Covert (level 9, -1/61 HPs)
             Began as an Octopode Shapeshifter on Oct 23, 2023.
             Slain by a two-headed ogre
             ... wielding a +0 giant club
              (9 damage)
             ... on level 7 of the Dungeon.
             The game lasted 00:10:02 (7507 turns).

Maxmaps the Covert (Octopode Shapeshifter)          Turns: 7507, Time: 00:10:02

Health: -1/61      AC:  5    Str: 14    XL:     9   Next: 89%
Magic:  9/9        EV: 15    Int: 16    God:
Gold:   350        SH:  0    Dex: 11    Spells: 8/8 levels left

rFire   . . .        t - +2 dagger (venom)
rCold   . . .        (no shield)
rNeg    . . .        (helmet currently unavailable)
rPois   .            (no amulet)
rElec   .            r - ring of wizardry
rCorr   .            u - +4 ring of protection
SInv    .            (no ring)
Will    .....        (no ring)
Stlth   +++++        (no ring)
HPRegen 0.30/turn    (no ring)
MPRegen 0.11/turn    (no ring)
                     (no ring)

%: wizardry (x1)
@: beast-form, hasted, very quick
A: beast (slay +3), almost no armour, amphibious, 8 rings, camouflage 1,
gelatinous body 1, (nimble swimmer 1), tentacles
a: Begin Untransformation


You were on level 7 of the Dungeon.
You were a hulking beast.
You visited 2 branches of the dungeon, and saw 9 of its levels.

You collected 395 gold pieces.
You spent 45 gold pieces at shops.

Inventory:

Hand Weapons
 t - a +2 dagger of venom (weapon)
Missiles
 j - a throwing net
Jewellery
 r - a ring of wizardry (left tentacle)
 u - a +4 ring of protection (right tentacle)
Talismans
 b - a beast talisman
 c - a flux talisman
 l - a blade talisman
 s - a talisman of death
Wands
 m - a wand of flame (6)
Scrolls
 d - 5 scrolls of teleportation
 e - 2 scrolls of brand weapon
 f - 5 scrolls of identify
 h - a scroll of fog
 i - a scroll of enchant weapon
 k - a scroll of revelation
Potions
 a - a potion of magic
 g - a potion of ambrosia
 n - 2 potions of curing
 p - a potion of brilliance
 q - a potion of enlightenment
 v - 4 potions of mutation
 z - a potion of might


   Skills:
 - Level 5.1 Fighting
 - Level 6.0 Short Blades
 - Level 6.0 Dodging
 - Level 10.4 Stealth
 - Level 3.0 Unarmed Combat
 + Level 5.7 Shapeshifting


You had 8 spell levels left.
You didn't know any spells.
Your spell library contained the following spells:

 Spells                   Type           Power      Damage    Failure   Level
 Wereblood                Tmut           0%         N/A       16%         2
 Volatile Blastmotes      Fire/Tloc      0%         2d10      28%         3
 Fulminant Prism          Conj/Hex       0%         3d5       65%         4
 Iskenderun's Mystic Bla  Conj/Tloc      0%         2d3       65%         4
 Irradiate                Conj/Tmut      0%         3d11      93%         5


Dungeon Overview and Level Annotations

Branches:
Dungeon (8/15)             Temple (1/1) D:5
   Lair: D:8-11

Altars:
Ashenzari
Dithmenos
Elyvilon
Fedhas
Hepliaklqana
Kikubaaqudgha
Okawaru
Qazlal
Sif Muna
Trog
Uskayaw
Xom
Yredelemnul
The Shining One

Shops:
D:6 *(

Annotations:
D:3 2 transporters
D:7 3 runed translucent doors, Naiya55's ghost, novice NaIE


Innate Abilities, Weirdness & Mutations

You are a hulking beast.
Your limbs bulge with bestial killing power. (Slay +3)
You cannot wear most types of armour.
You are amphibious.
You can wear up to eight rings at the same time.
Your skin changes colour to match your surroundings (Stealth+).
Your rubbery body absorbs attacks. (AC +1, EV +1)
((You are camouflaged when in or above water. (Stealth+)))
You have tentacles for arms and can constrict up to eight enemies at once.


Message History

The kobold misses you.
You hit the kobold.
You kill the kobold!
You barely miss the kobold. Your grab misses the kobold.
You squeeze the kobold.
You kill the kobold!
You puncture the kobold!
You kill the kobold!
You swing at nothing.
You barely miss the two-headed ogre.
The two-headed ogre is moderately wounded.
The two-headed ogre barely misses you. The two-headed ogre misses you.
You hit the two-headed ogre.
The two-headed ogre looks as sick as possible!
Your squeeze misses the two-headed ogre.
The two-headed ogre is moderately wounded.
You hit the two-headed ogre.
The two-headed ogre looks as sick as possible!
You squeeze the two-headed ogre, but do no damage.
The two-headed ogre is heavily wounded.
The two-headed ogre hits you with a +0 giant club!!
The two-headed ogre hits you with a +0 giant club!
* * * LOW HITPOINT WARNING * * *
You hit the two-headed ogre.
The two-headed ogre looks as sick as possible!
The two-headed ogre is heavily wounded.
You hit the two-headed ogre but do no damage.
The two-headed ogre looks as sick as possible!
Your squeeze misses the two-headed ogre.
The two-headed ogre is heavily wounded.
The two-headed ogre hits you with a +0 giant club.
* * * LOW HITPOINT WARNING * * *
The two-headed ogre hits you with a +0 giant club.
* * * LOW HITPOINT WARNING * * *
Okay, then.
You feel yourself speed up.
The two-headed ogre attacks as it pursues you!
The two-headed ogre closely misses you.
The two-headed ogre hits you with a +0 giant club!
You die...

.......................)......#
..............................##
###.....###..###'####...##.....#
###.....###..###..###...##..#####
.........#.....#.............###.
.........#....†#.............##..
.........#...>>'.............#...
.........#....##...##.......##..P
.........#....##h..##.......##...
.........#....)O...##.......##...
.###...####...##...###'#######...
####...####...##...#.............
...................#.............
...................'.............
...................#........##...
.....[........##...#........#####
..........%...######........+....


You could see a two-headed ogre (extremely poisoned).

Vanquished Creatures
  Pikel (D:6)
  Jeremiah (D:6)
  A wraith (D:7)
  A wyvern (D:7)
  2 steam dragons (D:6)
  A sky beast (D:6)
  Duvessa (D:5)
  2 ice beasts
  An ogre (D:4)
  2 black bears
  A kobold brigand (D:7)
  3 scorpions
  Dowan (D:5)
  3 howler monkeys (D:7)
  2 hounds
  4 jellies
  2 sleepcaps
  2 hell rats (D:6)
  4 iguanas
  An orc wizard (D:7)
  Robin (D:3)
  18 river rats (D:6)
  5 adders
  A shadow imp (D:6)
  5 white imps
  2 ufetubi (D:6)
  2 worms
  A dart slug (D:2)
  10 orcs
  3 ball pythons
  6 endoplasms
  2 giant cockroaches
  10 goblins
  10 hobgoblins
  4 jackals (D:1)
  2 quokkas (D:4)
  2 training dummies (D:5)
  5 bats
  6 frilled lizards
  10 kobolds
  4 rats
145 creatures vanquished.

Notes
Turn   | Place    | Note
-------+----------+-------------------------------------------
     0 | D:1      | Maxmaps the Octopode Shapeshifter began the quest for the
                  | Orb.
     0 | D:1      | Reached XP level 1. HP: 13/13 MP: 1/1
    58 | D:1      | Found a faded altar of an unknown god.
   243 | D:1      | Reached XP level 2. HP: 8/19 MP: 2/2
   437 | D:1      | Reached skill level 1 in Stealth
   885 | D:2      | Reached skill level 2 in Stealth
   917 | D:2      | Reached XP level 3. HP: 23/24 MP: 3/3
   964 | D:2      | Reached skill level 3 in Stealth
  1227 | D:2      | Reached skill level 4 in Stealth
  1623 | D:3      | Found a transporter.
  1665 | D:3      | Reached skill level 1 in Short Blades
  1665 | D:3      | Reached XP level 4. HP: 29/29 MP: 4/4
  1830 | D:3      | Found a transporter.
  1916 | D:3      | Noticed Robin
  1929 | D:3      | Killed Robin
  1930 | D:3      | Reached XP level 5. HP: 26/34 MP: 5/5
  2881 | D:4      | Noticed a black bear
  2885 | D:4      | Killed a black bear
  2886 | D:4      | Reached XP level 6. HP: 33/39 MP: 6/6
  3083 | D:5      | Entered Level 5 of the Dungeon
  3084 | D:5      | Noticed Duvessa
  3084 | D:5      | Noticed Dowan
  3159 | D:5      | Killed Duvessa
  3160 | D:5      | Reached skill level 5 in Short Blades
  3372 | D:5      | Killed Dowan
  3373 | D:5      | Reached XP level 7. HP: 24/45 MP: 7/7
  3988 | D:5      | Reached skill level 5 in Stealth
  4015 | D:5      | Reached skill level 6 in Stealth
  4172 | D:5      | Reached skill level 7 in Stealth
  4188 | D:5      | Found a stormy altar of Qazlal.
  4256 | D:5      | Reached XP level 8. HP: 17/52 MP: 8/8
  4382 | D:5      | Found a shimmering altar of Xom.
  4499 | D:5      | Found a staircase to the Ecumenical Temple.
  4708 | Temple   | Entered the Ecumenical Temple
  4760 | D:6      | Found Heuger's Weapon Emporium.
  4786 | D:6      | Noticed Pikel
  4805 | D:6      | Killed Pikel
  4806 | D:6      | Reached skill level 10 in Stealth
  4835 | D:6      | Found an iron altar of Okawaru.
  5396 | D:6      | Reached skill level 5 in Fighting
  5469 | D:6      | Reached XP level 9. HP: 52/61 MP: 9/9
  5505 | D:6      | Found Cocvinea's Commerce Corner.
  5518 | D:6      | Bought a potion of curing for 45 gold pieces
  5761 | D:6      | Noticed Jeremiah
  5764 | D:6      | Killed Jeremiah
  5795 | D:6      | Reached skill level 5 in Dodging
  6026 | D:6      | Found the +2 ratskin cloak {*Rats rPois rN+ Str-1 Int-1
                  | Dex+1}
  6700 | D:7      | Noticed Naiya55's ghost (novice NaIE)
  6733 | D:7      | Found a runed translucent gate.
  6733 | D:7      | Found a runed translucent gate.
  6733 | D:7      | Found a runed translucent gate.
  6904 | D:7      | Identified the +10 sling "Bops" {flame, rElec rPois Will+
                  | Dex-5}
  7260 | D:7      | Reached skill level 5 in Shapeshifting
  7488 | D:8      | Noticed a two-headed ogre
  7507 | D:7      | Slain by a two-headed ogre

Illustrated notes

Levels and vault maps discovered:
D:1:      saegor_arrival_miasma, layout_loops_ring,
          chequers_ecumenical_altar_twisty
D:2:      layout_basic, minmay_stone_trees_small
D:3:      gammafunk_steamed_eel, layout_basic, uniq_robin
D:4:      layout_gridville, corexii_checkpoint_a, amcnicky_mini_pool_small
D:5:      dreamdust_elfheim, layout_basic, dk_xom_monty_hall,
          nicolae_qazlal_general_emergency, minmay_temple_entry_overgrown,
          uniq_duvessa
D:6:      wander_guarded_unrand_ratskin, layout_basic,
          mainiacjoe_overflow_concentric_impassable, serial_rivers,
          chequers_serial_rivers_marsh, chequers_serial_rivers_large_a,
          chequers_serial_rivers_large_b, chequers_serial_rivers_micro_d,
          serial_shops, nicolae_shop_hallway_plus, nicolae_alphabet_shops,
          uniq_jeremiah, uniq_pikel
D:7:      layout_gridville, gammafunk_ghost_icy, serial_park_tiny_2
D:8:      layout_cave_pods, amethyst_overflow_temple_binary,
          serial_column_ruins, column_ruins_hut, column_ruins_temple_circle,
          column_ruins_open_medium, column_ruins_grid_1,
          column_ruins_columns_corner, column_ruins_open_medium
Temple:   hellmonk_temple_of_storms

Skill      XL: |  1  2  3  4  5  6  7  8  9 |
---------------+----------------------------+-----
Fighting       | 2 3 5 |  5.1
Stealth        | 2 4 7 10 | 10.4
Short Blades   | 1 2 4 6 |  6.0
Dodging        | 6 |  6.0
Shapeshifting  | 5 |  5.7
Unarmed Combat | |  3.0

Action                     |  1- 3 |  4- 6 |  7- 9 || total
---------------------------+-------+-------+-------++-------
  Melee: Dagger            |    55 |    89 |   256 ||   400
         Unarmed           |     6 |       |       ||     6
         Constrict         |    15 |    18 |    42 ||    75
         Tentacles         |    13 |    16 |    58 ||    87
         Punch             |     3 |     1 |     8 ||    12
    Use: Potion            |       |     1 |     3 ||     4
         Scroll            |       |       |    16 ||    16
   Stab: Sleeping          |     9 |     8 |    16 ||    33
         Distracted        |     1 |       |       ||     1
 Armour: Skin              |    17 |    68 |   107 ||   192
  Dodge: Dodged            |    36 |    46 |   129 ||   211

Table legend: (Time is in decaauts)
 A = Elapsed time spent in this place.
 B = Non-inter-level travel time spent in this place.
 C = Inter-level travel time spent in this place.
 D = Time resting spent in this place.
 E = Time spent auto-exploring this place.
 F = Levels seen in this place.
 G = Mean time per level.
                   A        B        C        D        E       F      G
               +--------+--------+--------+--------+--------+-----+--------+
         Total |   7441 |   7093 |    348 |   1866 |   4253 |   9 |  826.8 |
       Dungeon |   7422 |   7089 |    333 |   1866 |   4253 |   8 |  927.8 |
        Temple |     19 |      5 |     14 |      0 |      0 |   1 |   19.0 |
               +--------+--------+--------+--------+--------+-----+--------+

Top non-repeatable levels by time:
     D:5: 1718 daAuts
     D:6: 1436 daAuts
     D:4: 937 daAuts
     D:7: 922 daAuts
     D:1: 880 daAuts
     D:3: 776 daAuts
     D:2: 741 daAuts
  Temple: 19 daAuts
     D:8: 8 daAuts
